 Dungeon Crawl Stone Soup version 0.28-a0-114-g2bf3c13a2f (webtiles) character file.

Game seed: 11840198517466529936

436 jasper the Stinger (level 6, 0/41 HPs)
             Began as a Demonspawn Venom Mage on Aug 12, 2021.
             Killed from afar by a white imp (10 damage)
             ... with a puff of frost
             ... on level 3 of the Dungeon.
             The game lasted 00:08:59 (5054 turns).

jasper the Stinger (Demonspawn Venom Mage)          Turns: 5054, Time: 00:09:00

Health: 0/41       AC:  8    Str:  8    XL:     6   Next: 68%
Magic:  0/11       EV: 12    Int: 19    God:
Gold:   217        SH:  0    Dex: 13    Spells: 1/12 levels left

rFire   . . .      SeeInvis +   b - +4 dagger
rCold   . . .      Faith    .   (no shield)
rNeg    . . .      Spirit   .   a - +0 robe
rPois   .          Reflect  .   (no helmet)
rElec   .          Harm     .   (no cloak)
rCorr   .          Rampage  .   (no gloves)
Will    +....                   (no boots)
Stlth   ++........              (no amulet)
HPRegen 0.13/turn               g - ring of willpower
MPRegen 0.12/turn               i - ring of see invisible

@: sanguine armoured
A: hooves 2, powered by death 1, sanguine armour 1
a: no special abilities


You were on level 3 of the Dungeon.
You visited 1 branch of the dungeon, and saw 5 of its levels.

You collected 217 gold pieces.

Inventory:

Hand Weapons
 b - a +4 dagger (weapon)
Missiles
 c - 79 stones
 e - 2 boomerangs
Armour
 a - a +0 robe (worn)
Jewellery
 g - a ring of willpower (left hand)
 i - a ring of see invisible (right hand)
Scrolls
 d - a scroll of enchant weapon
 k - a scroll of amnesia
Potions
 f - a potion of mutation


   Skills:
 - Level 1.7 Dodging
 - Level 1.7 Stealth
 + Level 3.5 Spellcasting
 + Level 2.3 Conjurations
 - Level 2.8 Transmutations
 + Level 2.1 Earth Magic
 - Level 4.7 Poison Magic


You had one spell level left.
You knew the following spells:

 Your Spells              Type           Power      Damage    Failure   Level
a - Sting                 Tmut/Pois      68%        1d6       3%          1
b - Mephitic Cloud        Conj/Pois/Air  12%        N/A       16%         3
c - Stone Arrow           Conj/Erth      22%        3d8       17%         3
d - Olgreb's Toxic Radia  Pois           21%        N/A       21%         4

Your spell library contained the following spells:

 Spells                   Type           Power      Damage    Failure   Level
 Poisonous Vapours        Pois/Air       24%        N/A       9%          2
 Static Discharge         Conj/Air       7%         N/A       14%         2
 Sticky Flame             Conj/Fire      7%         2d3       65%         4
 Animate Armour           Summ/Erth      14%        N/A       67%         4
 Dispel Undead            Necr           3%         3d7       82%         4
 Lehudib's Crystal Spear  Conj/Erth      5%         10d3      100%        8


Dungeon Overview and Level Annotations

Branches:
Dungeon (5/15)
 Temple: D:4-7

Altars:

Annotations:
D:4 Dowan, Duvessa, Menkaure
D:5 exclusion: shadow


Innate Abilities, Weirdness & Mutations

You have hoof-like feet.
You regenerate a little health from kills.
When seriously injured, your bleeding wounds create armour. (AC +6)


Message History

The white imp is lightly wounded.
The white imp gestures at you. The puff of frost hits you.
You take 1 damage, and have 13/41 hp.
You now have 3/11 mp.
Casting: Sting (safe; 3% risk of failure)
Confirm with . or Enter, or press ? or * to list all spells.
The spell is quite dangerous to cast (17% risk of failure)!
Continue anyway?
Okay, then.
A white imp is nearby!
Casting: Stone Arrow (quite dangerous; 17% risk of failure)
Confirm with . or Enter, or press ? or * to list all spells.
The spell is quite dangerous to cast (17% risk of failure)!
Continue anyway?
Aiming: Stone Arrow (quite dangerous; 17% risk of failure)
Press: ? - help, Shift-Dir - straight line, f/p - white imp
Aim: a white imp (lightly wounded, 68% to hit)
The stone arrow misses the white imp.
The white imp barely misses you.
You now have 0/11 mp.
You hit the white imp but do no damage.
The white imp is lightly wounded.
The white imp gestures at you. The puff of frost hits you.
* * * LOW HITPOINT WARNING * * *
You take 4 damage, and have 10/41 hp.
Okay, then.
You hit the white imp. Your kick misses the white imp.
The white imp is lightly wounded.
The white imp barely misses you.
Aiming: Sting (safe; 3% risk of failure)
Press: ? - help, Q - select action, (/) - cycle Shift-Dir - straight line, f/p - white imp
Aim: a white imp (lightly wounded, 74% to hit)
The sting hits the white imp but does no damage.
The white imp is poisoned.
The white imp is lightly wounded.
The white imp closely misses you.
You now have 0/11 mp.
You hit the white imp. Your kick misses the white imp.
The white imp is moderately wounded.
The white imp gestures at you. The puff of frost hits you!
You die...

###########
#.........#
######.######.##
##.........5@..#
#####..........#####
...............#
###.........>.########
###...........# #....#
....#.).......###....#
...###...............#
...# #........##.....#
...# ######.#####....#


You could see a white imp (poisoned).

Vanquished Creatures
  Sigmund (D:3)
  A scorpion (D:3)
  An orc priest (D:3)
  A scorpion zombie (D:3)
  A hound skeleton (D:2)
  8 adders
  3 worms
  A dart slug (D:2)
  5 orcs
  7 ball pythons
  5 bats
  7 endoplasms
  A giant cockroach (D:1)
  4 goblins
  14 hobgoblins
  2 jackals (D:1)
  2 quokkas (D:2)
  4 frilled lizards
  5 kobolds
  6 rats
79 creatures vanquished.

Notes
Turn   | Place    | Note
-------+----------+-------------------------------------------
     0 | D:1      | jasper the Demonspawn Venom Mage began the quest for the
                  | Orb.
     0 | D:1      | Reached XP level 1. HP: 13/13 MP: 3/3
    41 | D:1      | Reached skill level 1 in Transmutations
   357 | D:1      | Gained mutation: You have large cloven feet. [demonic
                  | ancestry]
   357 | D:1      | Reached XP level 2. HP: 14/19 MP: 0/5
  1195 | D:1      | Gained mutation: You regenerate a little health from kills.
                  | [demonic ancestry]
  1195 | D:1      | Reached XP level 3. HP: 20/24 MP: 3/6
  1217 | D:1      | Learned a level 3 spell: Mephitic Cloud
  1956 | D:2      | Found a faded altar of an unknown god.
  1992 | D:2      | Reached skill level 4 in Poison Magic
  2007 | D:2      | Gained mutation: You have hoof-like feet. [demonic
                  | ancestry]
  2007 | D:2      | Reached XP level 4. HP: 20/30 MP: 1/7
  2606 | D:2      | Learned a level 3 spell: Stone Arrow
  2881 | D:3      | Noticed Sigmund
  3182 | D:5      | Entered Level 5 of the Dungeon
  3185 | D:5      | Reached XP level 5. HP: 11/35 MP: 5/8
  3429 | D:5      | Noticed a shadow
  3455 | D:4      | Noticed Dowan
  3455 | D:4      | Noticed Duvessa
  4214 | D:4      | Noticed Menkaure
  4231 | D:3      | Reached skill level 1 in Conjurations
  4231 | D:3      | Reached skill level 1 in Earth Magic
  4584 | D:3      | Killed Sigmund
  4585 | D:3      | Gained mutation: When seriously injured, your bleeding
                  | wounds create armour. (AC +6) [demonic ancestry]
  4585 | D:3      | Reached XP level 6. HP: 23/41 MP: 4/11
  4590 | D:3      | Learned a level 4 spell: Olgreb's Toxic Radiance
  5054 | D:3      | Killed from afar by a white imp

Illustrated notes

Levels and vault maps discovered:
D:1:      roderic_dead_forest, layout_basic, minmay_liquid_box, fountainhead,
          minmay_misc_feat_nine_boxes
D:2:      minmay_evil_eye, layout_basic, ebering_ecumenical_altar_rust
D:3:      layout_rooms, uniq_sigmund
D:4:      layout_basic, chequers_serial_rivers_marsh, uniq_menkaure,
          uniq_crazy_yiuf_cottage, uniq_duvessa
D:5:      layout_loops_ring, grunt_temple_overflow_octagram,
          mainiacjoe_overflow_tiny_flanked, minmay_temple_entry_trees,
          uniq_pikel

Skill      XL: |  1  2  3  4  5  6 |
---------------+-------------------+-----
Transmutations | 1 2 |  2.8
Poison Magic   | 4 |  4.7
Conjurations   | 2 |  2.3
Earth Magic    | 1 2 |  2.1
Spellcasting   | 3 |  3.5
Dodging        | |  1.7
Stealth        | |  1.7

Action                   |  1- 3 |  4- 6 || total
-------------------------+-------+-------++-------
Melee: Dagger            |    23 |    37 ||    60
       Kick              |     1 |     9 ||    10
 Cast: Sting             |    80 |   105 ||   185
       Stone Arrow       |       |     1 ||     1
  Use: Scroll            |       |     7 ||     7
       Potion            |       |     3 ||     3
Armor: Robe              |     4 |     5 ||     9
Dodge: Dodged            |    25 |    65 ||    90

Table legend: (Time is in decaauts)
 A = Elapsed time spent in this place.
 B = Non-inter-level travel time spent in this place.
 C = Inter-level travel time spent in this place.
 D = Time resting spent in this place.
 E = Time spent auto-exploring this place.
 F = Levels seen in this place.
 G = Mean time per level.
                   A        B        C        D        E       F      G
               +--------+--------+--------+--------+--------+-----+--------+
         Total |   5063 |   4997 |     66 |   1560 |   2640 |   5 | 1012.6 |
       Dungeon |   5063 |   4997 |     66 |   1560 |   2640 |   5 | 1012.6 |
               +--------+--------+--------+--------+--------+-----+--------+

Top non-repeatable levels by time:
     D:2: 1612 daAuts
     D:1: 1385 daAuts
     D:3: 1263 daAuts
     D:4: 433 daAuts
     D:5: 368 daAuts
